 Dungeon Crawl Stone Soup version 0.26-a0-752-gcff87cac9a (webtiles) character file.

Game seed: 5519707349613237980

15043 robertstho the Frost Mage (level 12, -3/91 HPs)
             Began as a Gnoll Ice Elementalist on Nov 6, 2020.
             Was a Follower of Sif Muna.
             Shot with an arrow by a centaur warrior (21 damage)
             ... on level 13 of the Dungeon.
             The game lasted 00:27:11 (13995 turns).

robertstho the Frost Mage (Gnoll Ice Elementalist) Turns: 13995, Time: 00:27:12

Health: -3/91      AC: 18    Str: 11    XL:     12   Next: 22%
Magic:  21/24      EV: 18    Int: 25    God:    Sif Muna [*.....]
Gold:   282        SH:  0    Dex: 15    Spells: 13/28 levels left

rFire    . . .     SeeInvis .   A - +3 spear of the Doomed Warrior {flame, Int+2}
rCold    . . .     Faith    .   (no shield)
rNeg     + . .     Spirit   .   E - +0 robe {rN+}
rPois    .         Reflect  .   g - +0 helmet
rElec    .         Harm     .   H - +1 cloak {rCorr}
rCorr    +         Rampage  .   N - +0 pair of gloves
MR       .....                  D - +2 pair of boots {Stlth+}
Stlth    +++++.....             s - amulet of magic regeneration
HPRegen  0.25/turn              p - +4 ring of protection
MPRegen  0.44/turn              F - +4 ring of protection

@: frozen ramparts
A: distributed training, fangs 1, strong nose
a: Channel Magic, Renounce Religion


You were on level 13 of the Dungeon.
You worshipped Sif Muna.
Sif Muna was aware of your devotion.
You visited 2 branches of the dungeon, and saw 14 of its levels.

You collected 764 gold pieces.
You spent 482 gold pieces at shops.

Inventory:

Hand Weapons
 o - a +0 flail of holy wrath
 A - the +3 spear of the Doomed Warrior (weapon) {flame, Int+2}
   (You found it on level 5 of the Dungeon)

   It has been specially enchanted to burn those struck by it, causing extra
   injury to most foes and up to half again as much damage against particularly
   susceptible opponents.
   It affects your intelligence (+2).
Missiles
 i - 8 silver javelins (quivered)
 O - 49 poisoned darts
Armour
 g - a +0 helmet (worn)
 D - a +2 pair of boots of stealth (worn)
 E - a +0 robe of positive energy (worn)
 H - a +1 cloak of preservation (worn)
 N - a +0 pair of gloves (worn)
Jewellery
 n - an uncursed ring of fire {unknown}
 p - a +4 ring of protection (left hand)
 s - an amulet of magic regeneration (around neck)
 F - a +4 ring of protection (right hand)
 P - an uncursed amulet of regeneration {unknown}
 R - an uncursed ring of poison resistance {unknown}
 S - an uncursed amulet of faith {unknown}
Wands
 v - a wand of polymorph (4)
 G - a wand of digging (7)
 K - a wand of paralysis (21)
 L - a wand of iceblast (18)
 V - a wand of random effects (18)
Scrolls
 a - a scroll of amnesia {unknown}
 e - a scroll of random uselessness {unknown}
 f - 3 scrolls of enchant armour
 k - 2 scrolls of magic mapping
 r - 3 scrolls of immolation
 t - a scroll of acquirement {unknown}
 u - 3 scrolls of remove curse
 x - 3 scrolls of fear {unknown}
 y - 2 scrolls of fog
 z - 5 scrolls of teleportation
 J - 2 scrolls of enchant weapon
 Q - a scroll of silence {unknown}
 T - a scroll of identify
 U - a scroll of brand weapon {unknown}
Potions
 b - a potion of lignification
 c - a potion of cancellation
 d - 3 potions of brilliance
 h - 5 potions of attraction
 j - a potion of magic
 l - a potion of haste
 m - a potion of mutation
 q - 4 potions of curing
 w - 2 potions of heal wounds
 B - 4 potions of resistance
 C - 2 potions of might
 I - 2 potions of invisibility
 M - a potion of berserk rage


   Skills:
 + Level 7.1 Fighting
 + Level 7.1 Short Blades
 + Level 7.1 Long Blades
 + Level 7.1 Axes
 + Level 7.1 Maces & Flails
 + Level 7.1 Polearms
 + Level 7.1 Staves
 + Level 7.1 Slings
 + Level 7.1 Bows
 + Level 7.1 Crossbows
 + Level 7.1 Throwing
 + Level 7.1 Armour
 + Level 8.5 Dodging
 + Level 8.3 Stealth
 + Level 7.1 Shields
 + Level 7.1 Unarmed Combat
 + Level 8.8 Spellcasting
 + Level 5.9 Conjurations
 + Level 5.9 Hexes
 + Level 5.9 Summonings
 + Level 5.9 Necromancy
 + Level 5.9 Translocations
 + Level 5.9 Transmutations
 + Level 5.9 Fire Magic
 + Level 9.3 Ice Magic
 + Level 5.9 Air Magic
 + Level 5.9 Earth Magic
 + Level 5.9 Poison Magic
 + Level 7.7 Invocations
 + Level 7.1 Evocations


You had 13 spell levels left.
You knew the following spells:

 Your Spells              Type           Power        Failure   Level
a - Freeze                Ice            ####         1%          1
b - Frozen Ramparts       Ice            ######       1%          3
c - Ozocubu's Armour      Ice            ######..     1%          3
d - Hailstorm             Conj/Ice       #####...     2%          4
e - Summon Ice Beast      Ice/Summ       #####...     2%          4

Your spell library contained the following spells:

 Spells                   Type           Power        Failure   Level
 Beastly Appendage        Tmut           #####.       1%          1
 Foxfire                  Conj/Fire      ####         1%          1
 Magic Dart               Conj           ####         1%          1
 Summon Small Mammal      Summ           ####         1%          1
 Call Imp                 Summ           #####...     1%          2
 Searing Ray              Conj           #####.       1%          2
 Wereblood                Tmut           #####...     1%          2
 Call Canine Familiar     Summ           #####...     1%          3
 Confusing Touch          Hex            #####...     1%          3
 Conjure Flame            Conj/Fire      #####...     1%          3
 Dazzling Flash           Conj/Hex       #####.       1%          3
 Gell's Gravitas          Tloc           #####.....   1%          3
 Inner Flame              Hex/Fire       #####...     1%          3
 Spider Form              Tmut/Pois      #####.....   1%          3
 Summon Guardian Golem    Hex/Summ       #####...     1%          3
 Ice Form                 Ice/Tmut       #####...     2%          4
 Fulminant Prism          Conj/Hex       #####.....   4%          4
 Iskenderun's Mystic Bla  Conj/Tloc      #####...     4%          4
 Petrify                  Tmut/Erth      #####...     4%          4
 Sticky Flame             Conj/Fire      #####...     4%          4
 Summon Lightning Spire   Summ/Air       #####...     4%          4
 Metabolic Englaciation   Hex/Ice        #####.....   7%          5
 Blade Hands              Tmut           #####.....   14%         5
 Fireball                 Conj/Fire      #####.....   14%         5
 Yara's Violent Unravell  Hex/Tmut       #####.....   14%         5


Dungeon Overview and Level Annotations

Branches:
Dungeon (13/15)            Temple (1/1) D:4            Lair (0/6) D:11
    Orc (0/2) D:9
 Vaults: D:13-14

Altars:
Ashenzari
Cheibriados
Dithmenos
Elyvilon
Fedhas
Gozag
Hepliaklqana
Kikubaaqudgha
Makhleb
Nemelex Xobeh
Okawaru
Qazlal
Ru
Sif Muna
Trog
Uskayaw
Vehumet
Wu Jian
Xom
Yredelemnul
Zin
The Shining One

Shops:
D:4 :(=}?   D:5 [   D:8 !   D:11 !

Annotations:
D:4 Artefact weapon shop 900 amulet
D:5 1 runed translucent door, ALWAYSlose's ghost, novice DsBe
D:11 2 transporters


Innate Abilities, Weirdness & Mutations

Your experience applies equally to all skills.
You have very sharp teeth.
Your uncanny sense of smell can sniff out nearby items.


Message History

The centaur warrior barely misses your ice beast.
You see here an arrow.
Your ice beast disappears in a puff of smoke!
The centaur shoots an arrow.
The arrow hits you but does no damage.
The centaur warrior hits your ice beast.
Your ice beast closely misses the centaur warrior.
The centaur warrior hits your ice beast!
You see here an arrow.
Casting: Summon Ice Beast (dangerous; 2% risk of failure)
Confirm with . or Enter, or press ? or * to list all spells.
The walls around you are covered in ice.
The wall freezes the centaur!
You kill the centaur!
Sif Muna accepts your kill.
Your ice beast hits the centaur warrior but does no damage.
The centaur warrior wields a +4 shortbow.
The centaur warrior shoots an arrow.
The arrow closely misses your ice beast.
The arrow hits you!!
You die...

.# #..≈≈≈≈.≈≈≈≈≈.. .#
#..≈≈≈≈.≈≈≈≈≈.. (#
#).≈≈≈≈TB≈≈≈≈.. .############
#..≈≈≈≈...)....
..........>.#######..(.....≈≈≈≈.#
.######.......<..c§..YY≈≈).≈≈≈≈.#
.# #.###....(YY..cY≈≈≈≈.;≈≈≈.# ##
#.# ######)###.≈≈≈≈≈.≈≈≈≈.# #.#
#@# #.≈≈≈≈≈.≈≈≈≈.# #.# #(#
#............# #.# #(#
#.#.#..####### #.# #(# #.....##
#. #.# ###.### #.# #.# #.# ..#


You could see a centaur warrior and 2 friendly ice beasts.

Vanquished Creatures
  A centaur warrior (D:11)
  An unseen horror (D:11)
  A deep elf mage (D:12)
  An ugly thing (D:11)
  A cyclops (D:13)
  A gargoyle (D:13)
  A troll (D:10)
  A vampire (D:13)
  11 yaks (D:12)
  A wyvern (D:9)
  A basilisk (D:13)
  8 orc warriors
  A water moccasin (D:4)
  2 sky beasts
  4 ice beasts
  A black bear (D:6)
  5 ogres
  4 wolves (D:11)
  9 centaurs
  2 big kobolds
  12 bullfrogs
  2 water moccasin skeletons
  4 scorpions
  14 killer bees
  9 wights
  2 centaur zombies
  A quasit (D:9)
  Crazy Yiuf (D:6)
  3 bullfrog skeletons
  11 orc wizards
  8 orc priests
  A centaur skeleton (D:8)
  10 hounds
  2 jellies
  3 iguanas
  12 worker ants
  A worker ant zombie (D:10)
  4 gnolls (D:6)
  13 adders
  2 shadow imps
  A white imp (D:9)
  An ufetubus (D:6)
  An ooze (D:3)
  An adder skeleton (D:6)
  2 worms (D:2)
  3 dart slugs
  2 leopard geckos (D:4)
  48 orcs
  5 bats
  2 giant cockroaches
  7 goblins
  9 hobgoblins
  14 jackals
  7 quokkas
  2 ball pythons
  A frilled lizard (D:1)
  9 kobolds
  A quokka zombie (D:6)
  8 rats
296 creatures vanquished.

Vanquished Creatures (collateral kills)
  A boulder beetle (D:11)
  A hydra (D:13)
  Nergalle (D:10)
  2 ugly things (D:12)
  2 cyclopes
  A gargoyle (D:13)
  A troll (D:11)
  A wyvern (D:11)
  A wraith (D:12)
  A water elemental (D:13)
  2 yaks (D:12)
  An ice beast (D:8)
  An ogre (D:9)
  2 centaurs
  A bullfrog (D:8)
  2 killer bees (D:8)
  4 electric eels (D:11)
  5 wights
  A bullfrog zombie (D:6)
  A hound (D:11)
  2 orc wizards (D:10)
  3 orcs
  3 jackals (D:11)
40 creatures vanquished.

Vanquished Creatures (others)
  An ice beast (D:13)
  3 plants (D:10)
4 creatures vanquished.

Grand Total: 340 creatures vanquished

Notes
Turn   | Place    | Note
-------+----------+-------------------------------------------
     0 | D:1      | robertstho the Gnoll Ice Elementalist began the quest for
                  | the Orb.
     0 | D:1      | Reached XP level 1. HP: 13/13 MP: 6/6
   117 | D:1      | Reached XP level 2. HP: 19/19 MP: 5/7
   610 | D:1      | Reached XP level 3. HP: 21/25 MP: 7/9
   673 | D:1      | Reached skill level 5 in Spellcasting
   814 | D:2      | Reached skill level 1 in Fighting
   814 | D:2      | Reached skill level 1 in Short Blades
   814 | D:2      | Reached skill level 1 in Long Blades
   814 | D:2      | Reached skill level 1 in Axes
   814 | D:2      | Reached skill level 1 in Maces & Flails
   814 | D:2      | Reached skill level 1 in Polearms
   814 | D:2      | Reached skill level 1 in Staves
   814 | D:2      | Reached skill level 1 in Slings
   814 | D:2      | Reached skill level 1 in Bows
   814 | D:2      | Reached skill level 1 in Crossbows
   814 | D:2      | Reached skill level 1 in Throwing
   814 | D:2      | Reached skill level 1 in Armour
   814 | D:2      | Reached skill level 1 in Shields
   814 | D:2      | Reached skill level 1 in Unarmed Combat
   814 | D:2      | Reached skill level 1 in Invocations
   814 | D:2      | Reached skill level 1 in Evocations
   816 | D:2      | Reached XP level 4. HP: 26/32 MP: 6/11
  1017 | D:1      | Learned a level 3 spell: Frozen Ramparts
  1021 | D:1      | Learned a level 3 spell: Ozocubu's Armour
  1026 | D:1      | Learned a level 4 spell: Hailstorm
  1147 | D:2      | Found a sacrificial altar of Ru.
  1162 | D:2      | Reached skill level 1 in Conjurations
  1162 | D:2      | Reached skill level 1 in Hexes
  1162 | D:2      | Reached skill level 1 in Summonings
  1162 | D:2      | Reached skill level 1 in Necromancy
  1162 | D:2      | Reached skill level 1 in Translocations
  1162 | D:2      | Reached skill level 1 in Transmutations
  1162 | D:2      | Reached skill level 1 in Fire Magic
  1162 | D:2      | Reached skill level 1 in Air Magic
  1162 | D:2      | Reached skill level 1 in Earth Magic
  1162 | D:2      | Reached skill level 1 in Poison Magic
  1455 | D:3      | Reached XP level 5. HP: 25/37 MP: 6/12
  2033 | D:3      | Reached XP level 6. HP: 43/44 MP: 9/13
  2983 | D:4      | Found Ubboq's Antique Weapon Shop.
  2992 | D:4      | Found Jickibir's Book Shoppe.
  3002 | D:4      | Found Ufuixkec's Jewellery Shoppe.
  3022 | D:4      | Noticed a water moccasin
  3029 | D:4      | Killed a water moccasin
  3029 | D:4      | Reached skill level 5 in Dodging
  3361 | D:4      | Found a sparkling altar of Nemelex Xobeh.
  3398 | D:4      | Found a staircase to the Ecumenical Temple.
  3417 | D:4      | Found Upiurof's Gadget Shoppe.
  3423 | D:4      | Reached XP level 7. HP: 50/50 MP: 11/15
  3461 | D:4      | Found Sytemoap's Magic Scroll Emporium.
  3464 | D:4      | Bought a scroll of noise for 14 gold pieces
  3464 | D:4      | Bought a scroll of teleportation for 42 gold pieces
  3464 | D:4      | Bought a scroll of magic mapping for 49 gold pieces
  3626 | D:5      | Entered Level 5 of the Dungeon
  3785 | D:5      | Found Geetoehai's Armour Boutique.
  3792 | D:5      | Got a pitted spear
  3792 | D:5      | Identified the +3 spear of the Doomed Warrior {flame,
                  | Int+2} (You found it on level 5 of the Dungeon)
  3830 | D:5      | Reached skill level 5 in Stealth
  3836 | D:5      | Learned a level 4 spell: Summon Ice Beast
  4042 | D:5      | Found a runed translucent door.
  4045 | D:5      | Reached XP level 8. HP: 57/57 MP: 12/16
  4073 | D:5      | Noticed ALWAYSlose's ghost (novice DsBe)
  5504 | D:6      | Found a runed translucent door.
  5505 | D:6      | Noticed Crazy Yiuf
  5946 | D:6      | Killed Crazy Yiuf
  5946 | D:6      | Reached XP level 9. HP: 65/65 MP: 11/18
  6069 | D:7      | Found a snail-covered altar of Cheibriados.
  6760 | D:7      | Reached skill level 8 in Ice Magic
  7385 | D:8      | Found Paggau's Distillery.
  7477 | D:8      | Bought a potion of brilliance for 64 gold pieces
  7477 | D:8      | Bought a potion of curing for 48 gold pieces
  7477 | D:8      | Bought a potion of berserk rage for 80 gold pieces
  7477 | D:8      | Bought a potion of might for 64 gold pieces
  7477 | D:8      | Bought a potion of degeneration for 16 gold pieces
  7490 | D:8      | Reached skill level 5 in Invocations
  7877 | D:9      | Found a staircase to the Orcish Mines.
  8148 | D:9      | Reached XP level 10. HP: 73/73 MP: 20/20
  8250 | D:9      | Found a broken altar of Ashenzari.
  8357 | D:9      | Reached skill level 5 in Fighting
  8357 | D:9      | Reached skill level 5 in Short Blades
  8357 | D:9      | Reached skill level 5 in Long Blades
  8357 | D:9      | Reached skill level 5 in Axes
  8357 | D:9      | Reached skill level 5 in Maces & Flails
  8357 | D:9      | Reached skill level 5 in Polearms
  8357 | D:9      | Reached skill level 5 in Staves
  8357 | D:9      | Reached skill level 5 in Slings
  8357 | D:9      | Reached skill level 5 in Bows
  8357 | D:9      | Reached skill level 5 in Crossbows
  8357 | D:9      | Reached skill level 5 in Throwing
  8357 | D:9      | Reached skill level 5 in Armour
  8357 | D:9      | Reached skill level 5 in Shields
  8357 | D:9      | Reached skill level 5 in Unarmed Combat
  8357 | D:9      | Reached skill level 5 in Evocations
  8902 | D:4      | Bought a scroll of identify for 28 gold pieces
  8902 | D:4      | Bought a scroll of identify for 28 gold pieces
  8902 | D:4      | Bought a scroll of immolation for 49 gold pieces
  9040 | D:10     | Entered Level 10 of the Dungeon
  9587 | D:10     | Noticed Nergalle
  9606 | D:10     | Killed Nergalle
  9891 | D:11     | Found a transporter.
  9892 | D:11     | Noticed a centaur warrior
  9896 | D:11     | Noticed a kobold demonologist
  9901 | D:11     | Killed a centaur warrior
  9902 | D:11     | Noticed an orc high priest
  9902 | D:11     | Noticed a kobold demonologist
  9903 | D:11     | Noticed a kobold demonologist
  9903 | D:11     | Noticed a kobold demonologist
  9906 | D:11     | Noticed a boulder beetle
  9916 | D:11     | Killed an unseen horror
  9916 | D:11     | Reached XP level 11. HP: 71/81 MP: 6/22
  9933 | D:11     | Killed a boulder beetle
 10126 | D:11     | Found Geenemudgh's Distillery.
 10221 | D:11     | Found a transporter.
 10275 | D:11     | Reached skill level 5 in Conjurations
 10275 | D:11     | Reached skill level 5 in Hexes
 10275 | D:11     | Reached skill level 5 in Summonings
 10275 | D:11     | Reached skill level 5 in Necromancy
 10275 | D:11     | Reached skill level 5 in Translocations
 10275 | D:11     | Reached skill level 5 in Transmutations
 10275 | D:11     | Reached skill level 5 in Fire Magic
 10275 | D:11     | Reached skill level 5 in Air Magic
 10275 | D:11     | Reached skill level 5 in Earth Magic
 10275 | D:11     | Reached skill level 5 in Poison Magic
 10353 | D:11     | Found a staircase to the Lair.
 11137 | D:11     | Noticed a green ugly thing
 11152 | D:11     | Killed a green ugly thing
 11307 | D:11     | Noticed a cyclops
 11324 | D:11     | Killed a cyclops
 11894 | D:12     | Noticed a cyclops
 11906 | D:12     | Killed a cyclops
 11906 | D:12     | Reached skill level 9 in Ice Magic
 12248 | D:12     | Noticed a cyan ugly thing
 12261 | D:12     | Killed a cyan ugly thing
 12575 | D:12     | Noticed a deep elf mage
 12608 | D:12     | Killed a deep elf mage
 12764 | Temple   | Entered the Ecumenical Temple
 12883 | Temple   | Became a worshipper of Sif Muna the Loreminder
 13140 | D:12     | Noticed a cyan ugly thing
 13150 | D:12     | Killed a cyan ugly thing
 13479 | D:13     | Noticed a cyclops
 13491 | D:13     | Reached XP level 12. HP: 66/89 MP: 24/24
 13693 | D:13     | Noticed a four-headed hydra
 13704 | D:13     | Killed a four-headed hydra
 13973 | D:13     | Noticed a centaur warrior
 13979 | D:13     | Reached * piety under Sif Muna
 13995 | D:13     | Shot with an arrow by a centaur warrior

Illustrated notes

Levels and vault maps discovered:
D:1:      dpeg_arrival_tiny_a, layout_rooms, hex_intersection
D:2:      layout_basic, hangedman_ru_absence
D:3:      layout_basic
D:4:      kennysheep_spiral_hall, layout_basic,
          nemelex_xobeh_ov_fountains_minmay, minmay_temple_entry_purple_smoke,
          serial_shops, shop, shop, shop, shop, nicolae_shop_waterfront
D:5:      layout_basic, hellmonk_ghost_happy_afterlife, serial_shops,
          kennysheep_mini
D:6:      layout_rooms, chequers_serial_rivers_room_a, grunt_ministairs_7,
          uniq_crazy_yiuf_cottage
D:7:      layout_basic, minmay_ruined_shrine
D:8:      layout_rooms, serial_shops, shop
D:9:      layout_roguey, orc_0_dummy, basic_altar, kennysheep_generic_room_10
D:10:     layout_roguey, serial_bayou_pond_a, uniq_nergalle
D:11:     gammafunk_wand_slinger, layout_loops_cross, erik_lair_island,
          serial_shops, nicolae_shop_crystal
D:12:     layout_cave_pods
D:13:     layout_loops_ring, skrybe_limestone_x, minmay_misc_feat_rugged,
          minivault_14, st_stairs_14, minmay_hedge_maze
Temple:   kilobyte_greek_temple

Skill      XL: |  1  2  3  4  5  6  7  8  9 10 11 12 |
---------------+-------------------------------------+-----
Spellcasting   | 5 6 7 8 |  8.8
Fighting       | 1 2 3 4 5 6 7 |  7.1
Short Blades   | 1 2 3 4 5 6 7 |  7.1
Long Blades    | 1 2 3 4 5 6 7 |  7.1
Axes           | 1 2 3 4 5 6 7 |  7.1
Maces & Flails | 1 2 3 4 5 6 7 |  7.1
Polearms       | 1 2 3 4 5 6 7 |  7.1
Staves         | 1 2 3 4 5 6 7 |  7.1
Slings         | 1 2 3 4 5 6 7 |  7.1
Bows           | 1 2 3 4 5 6 7 |  7.1
Crossbows      | 1 2 3 4 5 6 7 |  7.1
Throwing       | 1 2 3 4 5 6 7 |  7.1
Armour         | 1 2 3 4 5 6 7 |  7.1
Shields        | 1 2 3 4 5 6 7 |  7.1
Unarmed Combat | 1 2 3 4 5 6 7 |  7.1
Invocations    | 1 2 3 4 5 6 7 |  7.7
Evocations     | 1 2 3 4 5 6 7 |  7.1
Conjurations   | 1 2 3 4 5 |  5.9
Hexes          | 1 2 3 4 5 |  5.9
Summonings     | 1 2 3 4 5 |  5.9
Necromancy     | 1 2 3 4 5 |  5.9
Translocations | 1 2 3 4 5 |  5.9
Transmutations | 1 2 3 4 5 |  5.9
Fire Magic     | 1 2 3 4 5 |  5.9
Air Magic      | 1 2 3 4 5 |  5.9
Earth Magic    | 1 2 3 4 5 |  5.9
Poison Magic   | 1 2 3 4 5 |  5.9
Dodging        | 5 6 7 8 |  8.5
Stealth        | 5 6 7 8 |  8.3
Ice Magic      | 8 9 |  9.3

Action                   |  1- 3 |  4- 6 |  7- 9 | 10-12 || total
-------------------------+-------+-------+-------+-------++-------
Melee: Dagger            |    34 |    48 |       |       ||    82
       Unarmed           |     4 |       |       |       ||     4
       Bite              |     2 |     8 |    15 |    27 ||    52
       Short sword       |       |    39 |    12 |       ||    51
       Spear             |       |       |   235 |   305 ||   540
       Punch             |       |       |     1 |     6 ||     7
 Cast: Freeze            |    27 |    11 |       |       ||    38
       Frozen Ramparts   |       |    21 |    27 |    43 ||    91
       Hailstorm         |       |     2 |     2 |     3 ||     7
       Summon Ice Beast  |       |       |    21 |    75 ||    96
  Use: Scroll            |       |     3 |     7 |     3 ||    13
       Potion            |       |       |     2 |     1 ||     3
 Stab: Sleeping          |     1 |     4 |    11 |    14 ||    30
       Distracted        |       |       |     2 |     1 ||     3
Armor: Robe              |     8 |    13 |    44 |    88 ||   153
Dodge: Dodged            |    64 |    66 |   149 |   210 ||   489

Table legend: (Time is in decaauts)
 A = Elapsed time spent in this place.
 B = Non-inter-level travel time spent in this place.
 C = Inter-level travel time spent in this place.
 D = Time resting spent in this place.
 E = Time spent auto-exploring this place.
 F = Levels seen in this place.
 G = Mean time per level.
                   A        B        C        D        E       F      G
               +--------+--------+--------+--------+--------+-----+--------+
         Total |  13918 |  12915 |   1003 |   1712 |   8734 |  14 |  994.1 |
       Dungeon |  13757 |  12796 |    961 |   1712 |   8623 |  13 | 1058.2 |
        Temple |    161 |    119 |     42 |      0 |    111 |   1 |  161.0 |
               +--------+--------+--------+--------+--------+-----+--------+

Top non-repeatable levels by time:
    D:11: 1859 daAuts
     D:3: 1614 daAuts
     D:6: 1303 daAuts
    D:12: 1295 daAuts
     D:5: 1252 daAuts
     D:7: 1130 daAuts
     D:9: 1005 daAuts
    D:10: 883 daAuts
     D:8: 819 daAuts
     D:4: 798 daAuts
     D:1: 765 daAuts
     D:2: 531 daAuts
    D:13: 498 daAuts
  Temple: 161 daAuts
